AoeStats
← Gim

Nomad

507056618Analyzed
4v4 RM · 15d ago on Sep 16, 2026· 28m 8s· 8 players
Game mode
Random Map
Map size
231×231
Population
200
Speed
Normal
Resources
Standard
Victory
Conquest
Starting age
Dark Age
Ending age
Imperial Age
RankedLock teamsTeams togetherTeam positionsShared explorationLock speedFull tech treeHidden civsTurbo modeCheats
Victory
Defeat
🇦🇺 Inca · Australia
1247
+15
🇨🇳 Bengalis · China
1243
+15
🇻🇳 Persians · Vietnam
1241
+15
🇨🇳 Huns · China
1232
+16
🇨🇳 Portuguese · China
1273
-18
🇹🇷 Cumans · Türkiye
1229
-15
🇩🇪 Vikings · Germany
1222
-15
🇨🇳 Britons · China
1166
-13
Súc Vật Du Phong
3:25 Loom
14:28 Feudal Age
18:56 Castle Age
18:16 Horse Collar
18:22 Double-Bit Axe
21:26 Bow Saw
muui
4:12 Loom
15:09 Feudal Age
17:42 Town Watch
22:32 Castle Age
21:41 Stone Mining
21:40 Double-Bit Axe
23:36 Bow Saw
12014665
5:15 Loom
14:57 Feudal Age
20:53 Castle Age
18:57 Horse Collar
19:31 Double-Bit Axe
21:16 Wheelbarrow
21:58 Medium Warships
22:27 Heavy Plow
22:42 Bow Saw
28:12 Hand Cart
28:14 Gold Mining
A Bá
3:55 Loom
15:45 Feudal Age
20:00 Castle Age
18:09 Champi Runner
19:06 Scale Mail Armor
19:17 Stone Mining
19:15 Double-Bit Axe
20:07 Gold Mining
21:09 Squires
21:43 Arson
23:20 Fletching
26:30 Horse Collar
27:50 Bodkin Arrow
iroh
7:16 Loom
17:16 Feudal Age
18:19 Double-Bit Axe
18:26 Gold Mining
18:28 Stone Mining
22:27 Castle Age
21:05 Fletching
21:10 Town Watch
21:57 Fishing Lines
23:37 Bow Saw
24:03 Gold Shaft Mining
Albus
5:11 Loom
12:24 Feudal Age
16:49 Double-Bit Axe
18:40 Horse Collar
22:50 Forging
28:30 Castle Age
27:05 Wheelbarrow
27:15 Bloodlines
Gim
4:56 Loom
14:27 Feudal Age
18:19 Castle Age
16:28 Double-Bit Axe
19:53 Medium Warships
1602612460
15:29 Feudal Age
19:32 Castle Age
20:22 Wheelbarrow
20:06 Double-Bit Axe
21:49 Horse Collar
22:31 Bow Saw
Connection lost

Rejoining the realm…

Still unreachable

The connection could not be restored.

Session expired

The server has moved on; the page needs a fresh start.